 Dungeon Crawl Stone Soup version 0.20.1-1-g8b1a95d (webtiles) character file.

56 Jazqa the Skirmisher (level 3, 0/35 HPs)
             Began as a Minotaur Berserker on Oct 28, 2017.
             Was a Believer of Trog.
             Slain by Sigmund
             ... wielding a +0 scythe
              (11 damage)
             ... on level 2 of the Dungeon.
             The game lasted 00:01:42 (1368 turns).

Jazqa the Skirmisher (Minotaur Berserker)           Turns: 1368, Time: 00:01:45

Health: 0/35       AC:  5    Str: 22    XL:     3   Next: 71%
Magic:  2/2        EV: 12    Int:  4    God:    Trog [**....]
Gold:   90         SH:  0    Dex:  9    Spells: 2/2 levels left

rFire    . . .     SeeInvis +   h - +2 hand axe (elec)
rCold    . . .     Gourm    .   (no shield)
rNeg     . . .     Faith    .   b - +0 animal skin
rPois    .         Spirit   .   (helmet restricted)
rElec    .         Reflect  .   (no cloak)
rCorr    .         Harm     .   o - +2 pair of gloves
MR       .....                  (no boots)
Stlth    +.........             (no amulet)
Regen    0.2/turn               v - ring of see invisible
MPRegen  0.1/turn               (no ring)

@: about to teleport, berserk cooldown, slowed, very slow
A: retaliatory headbutt, horns 2
a: Berserk, Trog's Hand, Burn Spellbooks, Renounce Religion


You were on level 2 of the Dungeon.
You worshipped Trog.
Trog was pleased with you.
You were very hungry.

You visited 1 branch of the dungeon, and saw 2 of its levels.

You collected 90 gold pieces.


Innate Abilities, Weirdness & Mutations

You reflexively headbutt those who attack you in melee.
You have a pair of horns on your head.


   Skills:
 + Level 4.9 Fighting
 + Level 4.6 Axes
 - Level 2.4 Armour
 - Level 2.1 Dodging


You had 2 spell levels left.
You didn't know any spells.

Inventory:

Hand Weapons
 h - a +2 hand axe of electrocution (weapon)
Armour
 b - a +0 animal skin (worn)
 o - a +2 pair of gloves (worn)
Jewellery
 v - a ring of see invisible (left hand)
Scrolls
 e - a scroll of magic mapping {unknown}
 g - 2 scrolls of identify {@r1}
 j - 2 scrolls of teleportation {@r4}
 m - a scroll of remove curse {unknown}
 n - a scroll of amnesia {unknown}
Potions
 a - a potion of lignification {unknown}
 d - 2 potions of invisibility
 i - a potion of might
 l - a potion of ambrosia {unknown}
 p - a potion of heal wounds {unknown}
Comestibles
 c - a bread ration {@e1}
 k - 3 chunks of flesh

Dungeon Overview and Level Annotations

Branches:
Dungeon (2/15)

Altars:
Fedhas
Qazlal

Annotations:
D:2 Sigmund

#.?. #...░░░. #.....
#......#### .......
##.......#.▒^...........#
..........≈▒▒...........#
##.......▒≈⚑§.>.........#
.........^≈.§≈..>.......#
#....†................#
#....†@...............#
#...@..†....###.......#
#......PP.P....>......#
#.......P⚑PP###.#.#####
.........PPP.##.....#
......###.PP.###..##.#
...... .....## #..##.#
###.........# #.###)# ...
.##...####.###.#


You could see Sigmund.


Message History

You kill the frilled lizard!
Trog accepts your kill.
You feel sick. Sigmund casts a spell at you. The puff of flame hits you!
Sigmund hits you from afar with a scythe!
* * * LOW HITPOINT WARNING * * *
You feel sick.
You see here an adder corpse.
Unknown command.
As you read the scroll labeled AKHA QAODYSOQ, it crumbles to dust.
It is a scroll of identify.
d - 2 potions of invisibility Sigmund hits you from afar with a scythe!
* * * LOW HITPOINT WARNING * * *
It was a potion of curing.
You feel better.
Sigmund hits you from afar with a scythe.
* * * LOW HITPOINT WARNING * * *
You feel better. Sigmund barely misses you.
You feel better.
Sigmund points at you and mumbles some strange words.
The magic dart hits you!
* * * LOW HITPOINT WARNING * * *
As you read the scroll labeled HAUVETSOAFUWK, it crumbles to dust.
You feel strangely unstable.
It was a scroll of teleportation.
Sigmund points at you and mumbles some strange words.
The magic dart hits you!
* * * LOW HITPOINT WARNING * * *
Sigmund hits you from afar with a scythe!
You die...

Skill      XL: |  1 |
---------------+----+-----
Fighting       | 4 |  4.9
Axes           | 4 |  4.6
Armour         | |  2.4
Dodging        | |  2.1

Action                   || total
-------------------------++-------
Melee: Hand axe          ||    53
       Headbutt          ||    10
Invok: Berserk           ||     2
  Use: Potion            ||     3
       Scroll            ||     2
  Eat: Chunk             ||     2
Armor: Animal skin       ||     6
Dodge: Dodged            ||    39

Vault maps used:
D:1:      onia_arrival_mini_spirals
D:2:      grunt_temple_overflow_forces_of_nature,
          gammafunk_temple_overflow_claw, grunt_decor_one_mirror,
          minmay_misc_feat_ornament, minmay_misc_feat_room,
          kennysheep_generic_room_10, uniq_robin, uniq_sigmund, uniq_natasha

Notes
Turn   | Place    | Note
-------+----------+-------------------------------------------
     0 | D:1      | Jazqa the Minotaur Berserker began the quest for the Orb.
     0 | D:1      | Reached XP level 1. HP: 19/19 MP: 0/0
    80 | D:1      | HP: 2/30 [kobold/club (3)]
   464 | D:1      | Reached skill level 4 in Fighting
   619 | D:1      | Reached skill level 4 in Axes
   619 | D:1      | Reached XP level 2. HP: 27/27 MP: 1/1
   977 | D:1      | Reached ** piety under Trog
   977 | D:1      | Reached XP level 3. HP: 29/34 MP: 2/2
  1341 | D:2      | Found a blossoming altar of Fedhas.
  1343 | D:2      | Found a stormy altar of Qazlal.
  1360 | D:2      | Noticed Sigmund
  1368 | D:2      | Slain by Sigmund

Vanquished Creatures
  An adder (D:2)
  An ooze (D:1)
  A worm (D:2)
  A dart slug (D:1)
  A leopard gecko (D:1)
  2 giant cockroaches (D:1)
  5 goblins (D:1)
  4 hobgoblins
  A quokka (D:2)
  A ball python (D:1)
  3 bats (D:1)
  3 frilled lizards
  10 kobolds
  5 rats
39 creatures vanquished.
